 Dungeon Crawl Stone Soup version 0.27-a0-1312-g5cdb2b3542 (console) character file.

Game seed: 11480030337761312426

198008 jejorda2 the Fencer (level 18, 0/140 HPs)
             Began as a Merfolk Berserker on June 21, 2021.
             Was a High Priest of Trog.
             Shot with a bolt by a naga sharpshooter (7 damage)
             ... on level 4 of the Snake Pit.
             The game lasted 01:43:30 (37736 turns).

jejorda2 the Fencer (Merfolk Berserker)            Turns: 37736, Time: 01:43:31

Health: 0/140      AC: 32    Str: 26    XL:     18   Next: 42%
Magic:  18/18      EV: 12    Int:  6    God:    Trog [*****.]
Gold:   821        SH: 16    Dex: 13    Spells: 17/17 levels left

rFire    + . .     SeeInvis .   a - +6 demon blade (flame)
rCold    + . .     Faith    +   J - +2 kite shield
rNeg     + + +     Spirit   .   t - +7 plate armour "Jymamp" {rN+++}
rPois    +         Reflect  .   Z - +0 hat of Jetep {rElec rC+}
rElec    +         Harm     .   R - +0 cloak
rCorr    .         Rampage  ∞   V - +2 pair of gloves
Will     +++..                  r - +3 pair of seven-league boots {Rampage+∞}
Stlth    ..........             y - amulet of faith
HPRegen  1.33/turn              L - ring of poison resistance
MPRegen  0.16/turn              u - ring of protection from fire

@: mighty, lethally poisoned (0 -> -1), strong-willed, regenerating, hasted,
very quick
A: (nimble swimmer 2), mertail
}: 1/15 runes: serpentine
a: Renounce Religion, Berserk, Trog's Hand, Brothers in Arms


You were on level 4 of the Snake Pit.
You worshipped Trog.
Trog was extremely pleased with you.
You visited 4 branches of the dungeon, and saw 27 of its levels.
You visited the Abyss 1 time.
You also visited: Ice Cave.

You collected 3037 gold pieces.
You spent 2216 gold pieces at shops.

Inventory:

Hand Weapons
 a - a +6 demon blade of flaming (weapon)
 b - the +9 dagger of Foolhardiness {speed, +Blink SInv}
   (You found it on level 5 of the Dungeon)

   Attacks with this weapon are significantly faster.
   It lets you see invisible.
   It lets you blink.
 P - a +2 antimagic long sword
Missiles
 k - 28 poisoned darts
 s - 6 atropa-tipped darts
 v - 3 silver boomerangs
 M - 8 curare-tipped darts
 O - 2 javelins
 X - 50 boomerangs (quivered)
 Y - 3 boomerangs of dispersal
Armour
 r - the +3 pair of seven-league boots (worn) {Rampage+∞}
   (You found it on level 2 of the Lair of Beasts)
 t - the +7 plate armour "Jymamp" (worn) {rN+++}
   (You acquired it on level 2 of the Orcish Mines)

   It renders you almost immune to negative energy.
 J - a +2 kite shield (worn)
 R - a +0 cloak (worn)
 V - a +2 pair of gloves (worn)
 Z - the +0 hat of Jetep (worn) {rElec rC+}
   (You found it on level 10 of the Dungeon)

   It protects you from cold.
   It insulates you from electricity.
Jewellery
 n - a +4 ring of slaying
 u - a ring of protection from fire (right hand)
 y - an amulet of faith (around neck)
 K - the ring of Free Expression {rC+ Str+6}
   (You found it on level 10 of the Dungeon)

   [ring of strength]

   It affects your strength (+6).
   It protects you from cold.
 L - a ring of poison resistance (left hand)
 Q - a ring of resist corrosion
 S - a ring of willpower
Wands
 l - a wand of polymorph (19)
 o - a wand of flame (102)
 q - a wand of digging (16)
 E - a wand of acid (9)
 F - a wand of iceblast (27)
 H - a wand of mindburst (16)
 N - a wand of paralysis (4)
Scrolls
 c - 2 scrolls of teleportation
 d - 17 scrolls of identify
 e - a scroll of silence
 f - 5 scrolls of magic mapping
 i - 3 scrolls of fog
 m - 3 scrolls of summoning
 z - 5 scrolls of fear
 W - 3 scrolls of holy word
Potions
 g - 2 potions of resistance
 h - 6 potions of attraction
 j - 3 potions of heal wounds
 x - 6 potions of haste
 A - 3 potions of flight
 C - 12 potions of curing
 G - a potion of cancellation
 I - 2 potions of ambrosia
 U - 2 potions of might
Miscellaneous
 p - a condenser vane (inert)
 B - a lightning rod (4/4)
 T - a phial of floods


   Skills:
 - Level 12.0 Fighting
 - Level 16.0 Long Blades
 * Level 13.7 Throwing
 - Level 12.0 Armour
 + Level 11.3 Dodging
 - Level 15.0 Shields
 - Level 6.0 Evocations


You had 17 spell levels left.
You didn't know any spells.
Your spell library was empty.

Dungeon Overview and Level Annotations

Branches:
Dungeon (15/15)            Temple (0/1) D:6            Lair (6/6) D:8
 Shoals (0/4) Lair:4        Snake (4/4) Lair:4        Slime (0/5) Lair:6
    Orc (2/2) D:10            Elf (0/3) Orc:2        Vaults (0/5) D:13
 Depths (0/5) D:15          IceCv (visited)

Altars:
Ashenzari
Cheibriados
Dithmenos
Fedhas
Gozag
Hepliaklqana
Ru
Xom
Zin

Shops:
Orc:2 ==?(*   Snake:1 ?

Annotations:
Lair:4 1 runed translucent door, bronco's ghost, journeyman OgAE


Innate Abilities, Weirdness & Mutations

((You are quick and stealthy near water. (Stealth+, EV+, Speed+++)))
Your lower body shifts to a powerful aquatic tail in water.


Message History

Trog accepts your kill.
Trog appreciates your killing of a magic user.
Throw: 50 boomerangs
Press: ? - help, Q - select action, (/) - cycle Shift-Dir - straight line, f/p - naga sharpshooter
Aim: a naga sharpshooter, wielding a +0 shortbow and quivering arrows (moderately wounded, 70% to hit)
You throw a boomerang.
The boomerang hits the naga sharpshooter!
The naga sharpshooter is heavily wounded.
The naga sharpshooter spits poison at you.
The splash of poison hits you but does no damage.
You resist.
Throw: 50 boomerangs
Press: ? - help, Q - select action, (/) - cycle Shift-Dir - straight line, f/p - naga sharpshooter
Aim: a naga sharpshooter, wielding a +0 shortbow and quivering arrows (heavily wounded, 70% to hit)
You throw a boomerang.
The boomerang closely misses the naga sharpshooter.
You feel sick.
The naga ritualist mumbles some strange prayers to its god.
The naga ritualist begins to radiate toxic energy.
Your deep troll is poisoned.
The salamander mystic casts a spell at you.
The bolt of magma hits your deep troll!!!
Your deep troll dies!
Your deep troll's corpse disappears in a puff of smoke!
The salamander shoots an arrow.
The arrow hits you.
* * * LOW HITPOINT WARNING * * *
The naga sharpshooter shoots an arrow.
You block the arrow.
The naga sharpshooter shoots a bolt.
The bolt hits you!
* * * LOW HITPOINT WARNING * * *
Unknown command.
Unknown command.
Unknown command.
You recover from your berserk rage.
The naga sharpshooter gestures wildly while chanting.
The naga sharpshooter magically shoots a bolt.
You block the bolt.
The naga sharpshooter mumbles some strange words.
The naga sharpshooter magically shoots a bolt.
You block the bolt.
The naga sharpshooter shoots a bolt.
The bolt hits you!
You die...

.?.....N.§.#......
......NN.§........
.....NNNNN....)...
.....)N)§........ #
......N))).....# ..
#....)......###
#... ###.)..)...##
.....
#.########.##......
..# ##@.....N. ..
...............
............###
.......######
#######


You could see a naga warrior, 4 naga sharpshooters, a salamander mystic, 2
salamanders and a naga (curare, catching breath).

Vanquished Creatures
  Nikola (Snake:3)
  Rupert (Lair:4)
  Gastronok (Lair:2)
  A tentacled starspawn (Abyss:2)
  2 nagarajas
  A frost giant (IceCv)
  2 orc warlords
  A caustic shrike skeleton (D:15)
  Snorg (Lair:6)
  2 fire dragons
  5 boulder beetles
  7 naga warriors
  2 salamander tyrants
  5 ogre magi
  8 hydras
  Erica (Lair:2)
  4 anacondas
  4 centaur warriors
  9 naga sharpshooters
  22 two-headed ogres
  5 shock serpents
  3 thrashing horrors (Abyss:2)
  A death yak (IceCv)
  A vampire mage (D:15)
  Nergalle (D:11)
  A deep elf knight (D:13)
  2 salamander mystics (Snake:4)
  6 skeletal warriors
  A spatial maelstrom (Abyss:2)
  A spark wasp zombie (D:15)
  5 naga ritualists
  An orc knight (D:15)
  A lindwurm (Lair:6)
  A deep elf archer (D:13)
  A necromancer (D:15)
  2 wizards
  2 deep elf pyromancers
  5 deep elf zephyrmancers
  3 orc sorcerers
  11 mana vipers
  15 salamanders
  An oklob plant (Lair:5)
  3 manticores
  13 ugly things
  4 cyclopes
  An elephant (Lair:5)
  A frost giant zombie (D:15)
  3 guardian serpents
  2 merfolk sirens (Lair:4)
  An apocalypse crab (Abyss:2)
  34 black mambas
  3 smoke demons (Abyss:2)
  2 molten gargoyles (D:14)
  5 torpor snails (Lair:6)
  An orange demon (Abyss:2)
  12 cane toads
  2 gargoyles (D:11)
  A cane toad (shapeshifter) (D:15)
  15 naga magi
  Maggie (D:9)
  4 rime drakes
  2 efreet
  4 unseen horrors
  An ice devil (Abyss:2)
  16 komodo dragons
  2 ancient zymes (Abyss:2)
  A hellwing (Abyss:2)
  A queen bee (D:9)
  21 polar bears
  5 trolls
  6 hornets (Lair:6)
  3 tyrant leeches (Lair:6)
  22 blink frogs
  A raiju (shapeshifter) (D:14)
  4 slime creatures (D:13)
  A deep troll zombie (D:15)
  2 raiju (Lair:6)
  Sigmund (D:3)
  3 wraiths
  5 shadows
  44 yaks
  2 large abominations (Abyss:2)
  2 vampires (D:11)
  7 wyverns
  A redback (D:10)
  Grum (D:11)
  5 basilisks
  11 vampire mosquitoes
  2 steam dragons
  4 small abominations
  A spatial vortex (Abyss:2)
  Edmund (D:6)
  7 wargs
  30 nagas
  18 water moccasins
  12 hell hounds (Lair:6)
  11 black bears
  An ice beast (D:4)
  23 orc warriors
  A necrophage (D:7)
  45 wolves
  27 ogres
  5 centaurs
  15 bullfrogs
  2 gnoll sergeants
  2 scorpions
  2 water moccasin zombies (D:6)
  25 killer bees
  2 electric eels
  5 howler monkeys
  4 lava snakes (D:14)
  4 centaur zombies
  5 hounds
  21 orc priests
  5 centaur skeletons
  3 gnoll shamans
  A bullfrog skeleton (D:5)
  Ijyb (D:3)
  An iguana (D:5)
  16 orc wizards
  A hell rat (Lair:2)
  2 howler monkey zombies (D:9)
  Robin (D:3)
  5 adders
  30 gnolls
  2 ufetubi
  3 dart slugs
  2 worms
  72 orcs
  2 endoplasms (D:1)
  2 giant cockroaches (D:1)
  16 goblins
  4 hobgoblins
  4 jackals (D:1)
  11 kobolds
  3 quokkas
  9 ball pythons
  3 bats
  A frilled lizard (D:1)
  An orc simulacrum (Abyss:2)
  4 rats
912 creatures vanquished.

Vanquished Creatures (collateral kills)
  A nagaraja (Snake:4)
  The ghost of Tynuabry the Destroyer, a journeyman DECj of Vehumet (Lair:5)
  The ghost of spiderkeys the Envoy of Void, a journeyman OpAK of Lugonu (Lair:2)
  2 salamander tyrants (Snake:4)
  A naga warrior (Snake:4)
  A hydra (Lair:5)
  4 two-headed ogres (Orc:2)
  2 naga sharpshooters (Snake:4)
  4 salamander mystics (Snake:4)
  An orc knight (Orc:1)
  3 oklob plants (Lair:5)
  A salamander (Snake:4)
  A black mamba (Lair:6)
  4 naga magi (Snake:4)
  A komodo dragon (Lair:2)
  5 polar bears (Lair:6)
  A tyrant leech (Lair:6)
  2 hornets (Lair:6)
  A raiju (Lair:6)
  3 blink frogs (Lair:2)
  5 yaks (D:10)
  A naga (Snake:4)
  2 wargs
  2 hell hounds (Lair:6)
  4 orc warriors
  5 black bears (Lair:6)
  9 ogres (Orc:2)
  2 wolves (Lair:6)
  A kobold brigand (D:10)
  3 orc priests
  4 orc wizards (Orc:1)
  3 gnolls (Orc:2)
  7 orcs
  2 kobolds (D:10)
90 creatures vanquished.

Vanquished Creatures (others)
  An unseen horror (D:11)
  30 fungi
  118 plants
  A withered plant (D:15)
150 creatures vanquished.

Grand Total: 1152 creatures vanquished

Notes
Turn   | Place    | Note
-------+----------+-------------------------------------------
     0 | D:1      | jejorda2 the Merfolk Berserker began the quest for the Orb.
     0 | D:1      | Reached XP level 1. HP: 18/18 MP: 1/1
    83 | D:1      | Reached XP level 2. HP: 22/24 MP: 2/2
   956 | D:2      | Reached skill level 4 in Long Blades
   956 | D:2      | Reached XP level 3. HP: 22/29 MP: 3/3
  1204 | D:2      | Reached ** piety under Trog
  1584 | D:2      | Found a faded altar of an unknown god.
  1809 | D:3      | Noticed Sigmund
  1821 | D:3      | Killed Sigmund
  1822 | D:3      | Reached skill level 5 in Long Blades
  1822 | D:3      | Reached XP level 4. HP: 38/38 MP: 4/4
  1822 | D:3      | Reached XP level 5. HP: 43/43 MP: 5/5
  2238 | D:3      | Reached XP level 6. HP: 40/49 MP: 6/6
  2507 | D:3      | Found an opulent altar of Gozag.
  2535 | D:3      | Noticed Robin
  2545 | D:3      | Killed Robin
  2749 | D:3      | Noticed Ijyb
  2775 | D:3      | Killed Ijyb
  2890 | D:3      | Reached skill level 1 in Shields
  3434 | D:4      | Reached *** piety under Trog
  3598 | D:4      | Reached skill level 6 in Long Blades
  3601 | D:4      | Noticed an ice beast
  3615 | D:4      | Killed an ice beast
  3616 | D:4      | Reached XP level 7. HP: 55/55 MP: 7/7
  4303 | D:5      | Entered Level 5 of the Dungeon
  4439 | D:5      | Identified the +9 dagger of Foolhardiness {speed, +Blink
                  | SInv}
  4497 | D:5      | Reached skill level 5 in Fighting
  4713 | D:5      | Reached XP level 8. HP: 62/62 MP: 8/8
  4742 | D:5      | Reached skill level 7 in Long Blades
  5507 | D:5      | Reached **** piety under Trog
  6125 | D:6      | Reached skill level 8 in Long Blades
  6155 | D:6      | Found a shimmering altar of Xom.
  6418 | D:6      | Reached XP level 9. HP: 47/69 MP: 9/9
  6541 | D:6      | Found a staircase to the Ecumenical Temple.
  6587 | D:6      | Reached skill level 9 in Long Blades
  6842 | D:6      | Noticed Edmund
  6849 | D:6      | Killed Edmund
  7226 | D:7      | Reached skill level 10 in Long Blades
  7316 | D:7      | Reached skill level 5 in Armour
  7834 | D:7      | Reached skill level 11 in Long Blades
  7910 | D:7      | Reached XP level 10. HP: 16/76 MP: 10/10
  8231 | D:7      | Found a blossoming altar of Fedhas.
  8593 | D:8      | Noticed a two-headed ogre
  8601 | D:8      | Killed a two-headed ogre
  8653 | D:8      | Found a glowing silver altar of Zin.
  8697 | D:8      | Noticed an unseen horror
  8719 | D:8      | Killed an unseen horror
  8720 | D:8      | Reached skill level 12 in Long Blades
  9135 | D:8      | Found a staircase to the Lair.
  9235 | D:8      | Found a snail-covered altar of Cheibriados.
  9361 | D:9      | Found a sacrificial altar of Ru.
  9361 | D:9      | Found a broken altar of Ashenzari.
  9431 | D:9      | Reached ***** piety under Trog
  9453 | D:9      | Noticed a boulder beetle
  9465 | D:9      | Killed a boulder beetle
  9466 | D:9      | Reached skill level 5 in Dodging
  9506 | D:9      | Noticed a centaur warrior
  9525 | D:9      | Killed a centaur warrior
  9526 | D:9      | Reached skill level 13 in Long Blades
  9555 | D:9      | Noticed a seven-headed hydra
  9556 | D:9      | Noticed a two-headed ogre
  9567 | D:9      | Killed a seven-headed hydra
  9568 | D:9      | Reached XP level 11. HP: 32/81 MP: 11/11
  9574 | D:9      | Killed a two-headed ogre
  9575 | D:9      | Reached skill level 14 in Long Blades
  9741 | D:9      | Noticed Maggie
  9754 | D:9      | Killed Maggie
 10176 | D:9      | Reached skill level 1 in Evocations
 10182 | D:9      | Reached skill level 1 in Throwing
 10583 | D:10     | Entered Level 10 of the Dungeon
 10787 | D:10     | Found a hazy altar of Hepliaklqana.
 10788 | D:10     | Found a shadowy altar of Dithmenos.
 11174 | D:10     | Found a runed translucent door.
 11622 | D:10     | Found a staircase to the Orcish Mines.
 11776 | D:10     | Identified the +0 hat of Jetep {rElec rC+}
 11801 | D:10     | Noticed a boulder beetle
 11819 | D:10     | Killed a boulder beetle
 11861 | D:10     | Identified the ring of Free Expression {rC+ Str+6}
 11958 | Lair:1   | Entered Level 1 of the Lair of Beasts
 12148 | Lair:1   | Reached skill level 5 in Shields
 12174 | Lair:1   | Reached skill level 5 in Evocations
 12444 | Lair:1   | Reached skill level 15 in Long Blades
 12451 | Lair:1   | Reached XP level 12. HP: 64/88 MP: 12/12
 13500 | Lair:2   | Noticed a boulder beetle
 13523 | Lair:2   | Killed a boulder beetle
 13635 | Lair:2   | Found the +3 pair of seven-league boots {Rampage+∞}
 13711 | Lair:2   | Noticed Erica
 13728 | Lair:2   | Killed Erica
 13985 | Lair:2   | Found a runed translucent door.
 13992 | Lair:2   | Noticed spiderkeys's ghost (journeyman OpAK)
 14119 | Lair:2   | Received a gift from Trog
 14574 | Lair:2   | Noticed Gastronok
 14585 | Lair:2   | Killed Gastronok
 14913 | Lair:2   | Killed spiderkeys's ghost
 15051 | Lair:3   | Reached skill level 16 in Long Blades
 15051 | Lair:3   | Reached XP level 13. HP: 93/93 MP: 13/13
 15073 | Lair:3   | Reached skill level 10 in Shields
 16476 | Lair:4   | Found a staircase to the Snake Pit.
 16715 | Lair:4   | Noticed Rupert
 16715 | Lair:4   | Paralysed by Rupert for 6 turns
 17075 | Lair:4   | Received a gift from Trog
 17156 | Lair:4   | Found a runed translucent door.
 17160 | Lair:4   | Noticed bronco's ghost (journeyman OgAE)
 17218 | Lair:4   | Found a staircase to the Shoals.
 17359 | Lair:4   | Paralysed by Rupert for 4 turns
 17373 | Lair:4   | Killed Rupert
 18099 | Lair:5   | Reached skill level 5 in Throwing
 18138 | Lair:5   | Identified the Disquisition on the Evil Mountains
 18140 | Lair:5   | Identified the +10 arbalest "Wedghokh" {freeze, rPois rC+
                  | rCorr}
 18288 | Lair:5   | Found a transporter.
 18289 | Lair:5   | Noticed Tynuabry's ghost (journeyman DECj)
 18299 | Lair:5   | Found a transporter.
 18389 | Lair:5   | Reached XP level 14. HP: 99/100 MP: 14/14
 19432 | Lair:5   | Killed Tynuabry's ghost
 19446 | Lair:5   | Identified the +8 short sword of Putrescence {vorpal, rElec
                  | rN++}
 19517 | Lair:6   | Entered Level 6 of the Lair of Beasts
 19779 | Lair:6   | Found a staircase to the Slime Pits.
 20346 | Lair:6   | Found a runed translucent door.
 20348 | Lair:6   | Noticed Snorg
 20363 | Lair:6   | Killed Snorg
 20603 | Lair:6   | Identified the +4 shortbow "Meoney" {vorpal, Drain rElec
                  | rN+++ rCorr}
 21012 | Lair:6   | Received a gift from Trog
 21577 | Lair:6   | Reached skill level 15 in Shields
 22108 | Orc:1    | Entered Level 1 of the Orcish Mines
 22431 | Orc:1    | Noticed an orc warlord
 22449 | Orc:1    | Killed an orc warlord
 22450 | Orc:1    | Reached XP level 15. HP: 112/112 MP: 15/15
 22873 | Orc:2    | Entered Level 2 of the Orcish Mines
 23406 | Orc:2    | Reached ****** piety under Trog
 23464 | Orc:2    | Noticed an orc warlord
 23496 | Orc:2    | Received a gift from Trog
 23510 | Orc:2    | Killed an orc warlord
 23600 | Orc:2    | Found a staircase to the Elven Halls.
 23942 | Orc:2    | Found Rorib's Magic Scroll Emporium.
 23942 | Orc:2    | Found Jefaem's Jewellery Boutique.
 23971 | Orc:2    | Found Dib Kip's Weapon Shop.
 23971 | Orc:2    | Found Duguef's Jewellery Emporium.
 24982 | Orc:2    | Found Waeclyju's General Store.
 25204 | Orc:2    | Bought a scroll of acquirement for 780 gold pieces
 25205 | Orc:2    | Acquired the +7 plate armour "Jymamp" {rN+++}
 25221 | Orc:2    | Bought a ring of poison resistance for 280 gold pieces
 25230 | Orc:2    | Bought the +8 scimitar of Irrepressible Laughter {vamp,
                  | Dex+6} for 1074 gold pieces
 25310 | D:11     | Found a frozen archway.
 25356 | IceCv    | Entered an ice cave
 25456 | IceCv    | Received a gift from Trog
 25461 | IceCv    | Reached skill level 10 in Fighting
 25515 | IceCv    | Identified the +5 hunting sling "Hauruow" {venom, rC+ Int+2
                  | SInv}
 25752 | IceCv    | Noticed a frost giant
 25765 | IceCv    | Killed a frost giant
 26173 | IceCv    | Identified the +11 morningstar "Japov" {freeze, rN+ SInv}
 26325 | D:11     | Noticed Grum
 26338 | D:11     | Killed Grum
 26379 | D:11     | Noticed Nergalle
 26399 | D:11     | Killed Nergalle
 26771 | D:11     | Reached XP level 16. HP: 124/124 MP: 16/16
 26839 | D:11     | Received a gift from Trog
 27220 | D:12     | Cast into level 2 of the Abyss (a wizard)
 27540 | Abyss:2  | Noticed a tentacled starspawn
 27553 | Abyss:2  | Killed a tentacled starspawn
 27566 | Abyss:2  | Identified the Volume of Blistering Companions
 27606 | D:12     | Escaped the Abyss
 28312 | D:12     | Reached skill level 10 in Armour
 29103 | D:13     | Received a gift from Trog
 29104 | D:13     | Reached skill level 10 in Throwing
 29444 | D:13     | Found a gate to the Vaults.
 30465 | D:15     | Entered Level 15 of the Dungeon
 30801 | D:15     | Found a staircase to the Depths.
 31006 | D:15     | Reached XP level 17. HP: 87/133 MP: 17/17
 32033 | Snake:1  | Entered Level 1 of the Snake Pit
 32764 | Snake:1  | Found Qiunaw's Magic Scroll Boutique.
 32793 | Snake:1  | Received a gift from Trog
 32845 | Snake:1  | Bought a scroll of silence for 82 gold pieces
 34271 | Snake:2  | Received a gift from Trog
 35089 | Snake:3  | Noticed Nikola
 35107 | Snake:3  | Killed Nikola
 35695 | Snake:3  | Reached skill level 10 in Dodging
 35695 | Snake:3  | Reached XP level 18. HP: 72/140 MP: 18/18
 36718 | Snake:4  | Entered Level 4 of the Snake Pit
 36747 | Snake:4  | Identified the +1 leather armour of Inaction {+Blink Regen+
                  | Str+3 Int-5}
 36816 | Snake:3  | Received a gift from Trog
 37714 | Snake:4  | Received a gift from Trog
 37718 | Snake:4  | Got a serpentine rune of Zot
 37735 | Snake:4  | HP: 6/140 [naga sharpshooter/bolt (17)]
 37736 | Snake:4  | Shot with a bolt by a naga sharpshooter

Illustrated notes

Levels and vault maps discovered:
D:1:      nzn_arrival_crosshair, layout_basic, dk_noncrumbling_3
D:2:      wander_river, layout_rooms, chequers_ecumenical_altar_island,
          hex_intersection, minmay_tripent
D:3:      layout_loops_corners, grunt_gozag_statues, uniq_ijyb, uniq_sigmund,
          uniq_robin
D:4:      layout_cave_pools, item_on_display_a
D:5:      layout_basic
D:6:      layout_loops_ring, amcnicky_altar_gilded,
          minmay_temple_entry_proselytizer, uniq_edmund
D:7:      layout_rooms, lemuel_crystal_altar
D:8:      layout_rooms, cheibrodos_worm_habitat, overflow_temple_1_default,
          lair_entry_dummy
D:9:      layout_basic, chequers_temple_overflow_statue_of_worship, special_room
          [special_room_bee], minmay_diamond_spiral, uniq_maggie
D:10:     gammafunk_indiana_jones, layout_loops_ring,
          riverfiend_overflow_shadow_ancestor, orc_0_dummy
D:11:     layout_stronghold, portal_ice_cave_rime, minmay_joined_circles,
          uniq_grum, uniq_nergalle
D:12:     layout_gridville, minivault_24, hangedman_glass_teeth,
          bh_hangedman_babel_library
D:13:     layout_cave_pools, hangedman_vaults_entry_quadrant_bands,
          nrook_loot_triangle
D:14:     cheibrodos_magma_flow, layout_small_grid, minmay_misc_feat_roman,
          kennysheep_generic_room_15
D:15:     gammafunk_depths_entry_grave, layout_basic, nrook_mini_backslash
Lair:1:   layout_cave_pods, chequers_serial_rivers_micro_c,
          grunt_forest_small_clearing_treed
Lair:2:   layout_loops_ring, ebering_ghost_reflecting_pool,
          hellmonk_guarded_unrand_seven_league_boots, serial_bayou_shore_a,
          uniq_gastronok, uniq_erica
Lair:3:   layout_cave_pods, beast_lair_carwin_1
Lair:4:   layout_roguey, elwin_shoals_entry_rooms, guppyfry_snake_entry_island,
          ebering_ghost_reflecting_pool, uniq_rupert
Lair:5:   layout_cave_pods, gammafunk_ghost_arena, minmay_lair_oklob_chamber,
          lemuel_fruit_fields
Lair:6:   hangedman_lair_caniforms_friends, layout_gridlike, wormcave,
          slime_dummy, serial_bayou_lagoon_a, uniq_snorg
Snake:1:  nicolae_snake_crotalidae_crossing, layout_gridlike, serial_shops,
          nicolae_diamond_shop
Snake:2:  layout_misc_corridors, special_room, st_stairs_8
Snake:3:  layout_gridlike, uniq_nikola
Snake:4:  snake_pit, layout_gridlike, guppyfry_snake_island, uniq_saint_roka
Orc:1:    layout_diamond_mine
Orc:2:    st_orc_ogre_mass, layout_diamond_mine, serial_shops, shop

Skill      XL: |  1  2  3  4  5  6  7  8  9 10 11 12 13 14 15 16 17 18 |
---------------+-------------------------------------------------------+-----
Long Blades    | 4 5 6 8 11 13 15 16 | 16.0
Fighting       | 4 5 6 8 10 12 | 12.0
Armour         | 2 3 4 5 6 9 10 11 12 | 12.0
Shields        | 2 3 4 5 9 13 15 | 15.0
Dodging        | 6 10 11 | 11.3
Evocations     | 5 6 |  6.0
Throwing       | 1 5 6 8 10 12 13 | 13.7

Action                   |  1- 3 |  4- 6 |  7- 9 | 10-12 | 13-15 | 16-18 || total
-------------------------+-------+-------+-------+-------+-------+-------++-------
Melee: Falchion          |   102 |   144 |    41 |       |       |       ||   287
       Dagger            |       |       |   394 |   634 |    12 |    67 ||  1107
       Tailslap          |       |       |       |     3 |     3 |       ||     6
       Scimitar          |       |       |       |    54 |  1237 |   857 ||  2148
       Short sword       |       |       |       |       |    13 |       ||    13
       Demon blade       |       |       |       |       |       |   330 ||   330
       Long sword        |       |       |       |       |       |     6 ||     6
Throw: Dart              |       |       |     8 |    56 |    83 |       ||   147
       Throwing net      |       |       |       |       |     1 |       ||     1
       Boomerang         |       |       |       |       |     8 |   122 ||   130
       Javelin           |       |       |       |       |     2 |       ||     2
Invok: Berserk           |     1 |     3 |     7 |    15 |    14 |     7 ||    47
       Trog's Hand       |     1 |       |     1 |     7 |     8 |    10 ||    27
       Brothers in Arms  |       |       |       |     3 |    10 |     5 ||    18
Evoke: Wand              |       |       |     1 |     1 |     1 |       ||     3
       Lightning rod     |       |       |       |       |     4 |       ||     4
       Condenser vane    |       |       |       |       |       |     2 ||     2
  Use: Scroll            |       |       |    16 |     3 |    10 |     4 ||    33
       Potion            |       |       |       |       |     1 |    10 ||    11
 Stab: Sleeping          |       |     1 |     2 |       |       |       ||     3
       Paralysed         |       |       |       |       |     3 |       ||     3
       Invisible         |       |       |       |       |       |     1 ||     1
Armor: Animal skin       |     3 |       |       |       |       |       ||     3
       Leather armour    |    18 |    13 |    65 |    69 |       |       ||   165
       Scale mail        |     6 |    28 |       |       |       |       ||    34
       Plate armour      |       |       |       |    28 |   337 |   463 ||   828
       Chain mail        |       |       |       |       |    33 |       ||    33
Dodge: Dodged            |    60 |    76 |   150 |   163 |   306 |   262 ||  1017
Block: Buckler           |       |    17 |    57 |    76 |       |       ||   150
       Kite shield       |       |       |       |    66 |   850 |   843 ||  1759
       Rpst.: Falchion   |    18 |    16 |     7 |       |       |       ||    41
       Scimitar          |       |       |       |     3 |    74 |    44 ||   121
       Demon blade       |       |       |       |       |       |    15 ||    15

Table legend: (Time is in decaauts)
 A = Elapsed time spent in this place.
 B = Non-inter-level travel time spent in this place.
 C = Inter-level travel time spent in this place.
 D = Time resting spent in this place.
 E = Time spent auto-exploring this place.
 F = Levels seen in this place.
 G = Mean time per level.
                   A        B        C        D        E       F      G
               +--------+--------+--------+--------+--------+-----+--------+
         Total |  36678 |  34671 |   2007 |   4417 |  24576 |  29 | 1264.8 |
       Dungeon |  17124 |  16163 |    961 |   1770 |  11950 |  15 | 1141.6 |
          Lair |  10111 |   9531 |    580 |   1241 |   6892 |   6 | 1685.2 |
     Snake Pit |   5142 |   4962 |    180 |    701 |   3459 |   4 | 1285.5 |
  Orcish Mines |   3192 |   2907 |    285 |    489 |   1811 |   2 | 1596.0 |
         Abyss |    364 |    364 |      0 |    178 |      0 |   1 |  364.0 |
      Ice Cave |    742 |    742 |      0 |     36 |    461 |   1 |  742.0 |
               +--------+--------+--------+--------+--------+-----+--------+

Top non-repeatable levels by time:
 Snake:3: 2425 daAuts
   Orc:1: 2380 daAuts
  Lair:6: 2264 daAuts
     D:3: 1895 daAuts
  Lair:5: 1725 daAuts
  Lair:2: 1674 daAuts
  Lair:4: 1654 daAuts
     D:5: 1651 daAuts
 Snake:1: 1584 daAuts
  Lair:3: 1422 daAuts
     D:7: 1373 daAuts
  Lair:1: 1370 daAuts
    D:10: 1355 daAuts
     D:9: 1328 daAuts
    D:15: 1177 daAuts
